AoeStats
← çilek

Arabia

505609231Analyzed
1v1 RM · 23d ago on Sep 10, 2026· 23m 47s· 2 players
Game mode
Random Map
Map size
Tiny (2 player)
Population
200
Speed
Normal
Resources
Standard
Victory
Conquest
Starting age
Dark Age
Ending age
Imperial Age
RankedLock teamsTeams togetherTeam positionsShared explorationLock speedFull tech treeHidden civsTurbo modeCheats
Victory
Defeat
🇹🇷 Burmese · Türkiye
495
+20
🇦🇺 Romans · Australia
591
-20
çilek
12:29 Feudal Age
22:56 Castle Age
21:37 Wheelbarrow
23:05 Castle Age
shanesolimo
9:37 Feudal Age
14:51 Double-Bit Axe
14:50 Horse Collar
19:47 Castle Age
Connection lost

Rejoining the realm…

Still unreachable

The connection could not be restored.

Session expired

The server has moved on; the page needs a fresh start.